Map: [ESL] Dragon Scales

Players

Astrea

  • Race: Protoss Protoss
  • League: Diamond

GuMiho - Winner!

  • Race: Terran Terran

Event: IEM Katowice 2023

VOD

Have the link to the VOD?

Description

Time

  • Played on: Feb. 9, 2023, 7:36 a.m.
  • Length: 14:03

All games in this series

Show
View Real Time Build Order
Export as new Build Order

Astrea Protoss 

Build Orders: 1 Gate Expand, Phoenix Opening, Colossus Rush 

Get SALT Encoding   

  12  0:00  Probe  
  13  0:12  Probe  
  14  0:17  Pylon  
  14  0:24  Probe (Chrono Boost)  
  16  0:35  Gateway  
  16  0:36  Probe (Chrono Boost)  
  16  0:43  Probe (Chrono Boost)  
  16  0:45  Assimilator  
  17  0:51  Probe  
  18  1:03  Probe  
  19  1:15  Probe  
  20  1:22  Nexus  
  20  1:31  Cybernetics Core  
  20  1:34  Probe  
  21  1:40  Assimilator  
  21  1:46  Probe  
  22  1:49  Pylon  
  22  1:57  Probe  
  23  2:04  Adept (Chrono Boost)  
  23  2:05  Probe  
  25  2:14  Probe  
  26  2:18  Stargate  
  27  2:26  Probe (Chrono Boost)  
  27  2:27  Adept  
  29  2:34  Probe (Chrono Boost)  
  31  2:42  Probe (Chrono Boost)  
  31  2:43  Probe (Chrono Boost)  
  32  2:48  Probe (Chrono Boost)  
  32  2:49  Probe  
  34  3:00  Probe  
  34  3:01  Probe  
  34  3:02  Phoenix  
  38  3:12  Probe (Chrono Boost)  
  39  3:15  Robotics Facility  
  39  3:19  Probe (Chrono Boost)  
  40  3:20  Pylon  
  40  3:22  Probe (Chrono Boost)  
  40  3:26  Probe (Chrono Boost)  
  42  3:27  Probe (Chrono Boost), Phoenix  
  45  3:38  Probe (Chrono Boost)  
  45  3:39  Probe (Chrono Boost)  
  45  3:50  Assimilator x2  
  45  3:51  Probe (Chrono Boost)  
  45  3:52  Phoenix  
  45  3:55  Probe (Chrono Boost)  
  49  3:58  Probe (Chrono Boost)  
  49  3:59  Pylon  
  49  4:01  Probe (Chrono Boost)  
  51  4:08  Gateway x2  
  51  4:10  Probe, Robotics Bay  
  52  4:19  Immortal (Chrono Boost)  
  52  4:23  Shield Battery  
  56  4:33  Probe x2  
  56  4:36  Pylon  
  56  4:37  Pylon  
  58  4:41  Phoenix  
  60  4:47  Sentry  
  62  4:55  Nexus, Observer (Chrono Boost)  
  62  4:59  Probe x2  
  65  5:03  Warp Gate  
  64  5:08  Colossus (Chrono Boost)  
  71  5:14  Probe x2  
  72  5:26  Probe  
  72  5:27  Probe  
  74  5:34  Pylon  
  74  5:39  Probe  
  49  5:42  Extended Thermal Lance  
  75  5:43  Forge, Probe  
  75  5:44  Pylon, Twilight Council  
  76  5:51  Colossus (Chrono Boost), Probe  
  79  5:58  Pylon  
  79  6:00  Probe  
  79  6:04  Probe  
  65  6:08  Probe  
  62  6:12  Probe  
  62  6:16  Probe  
  64  6:20  Probe  
  64  6:24  Pylon, Probe  
  65  6:28  Probe  
  65  6:32  Probe  
  67  6:37  Probe  
  68  6:40  Probe (Chrono Boost)  
  68  6:46  Observer  
  68  6:47  Pylon, Probe (Chrono Boost)  
  71  6:49  Probe (Chrono Boost)  
  71  6:52  Probe (Chrono Boost)  
  71  6:53  Sentry  
  75  6:54  Protoss Ground Weapons Level 1  
  75  6:56  Charge  
  75  6:59  Probe (Chrono Boost)  
  75  7:00  Probe x2 (Chrono Boost)  
  78  7:04  Probe (Chrono Boost)  
  78  7:06  Probe  
  80  7:08  Probe  
  80  7:11  Phoenix  
  80  7:15  Probe  
  84  7:16  Zealot  
  84  7:18  Probe  
  84  7:20  Probe  
  88  7:27  Probe  
  89  7:30  Probe  
  89  7:32  Probe  
  89  7:33  Zealot x2  
  88  7:39  Probe  
  88  7:43  Probe  
  85  7:44  Probe  
  85  7:50  Stalker  
  79  7:51  Probe  
  79  7:54  Stalker x2  
  79  7:55  Probe  
  79  7:56  Probe  
  84  8:01  Probe  
  84  8:04  Probe  
  85  8:07  Probe  
  85  8:09  Probe  
  85  8:12  Probe  
  87  8:18  Probe  
  87  8:19  Probe  
  90  8:20  Zealot x3  
  90  8:23  Probe  
  98  8:30  Probe  
  99  8:38  Probe  
  99  8:40  Colossus (Chrono Boost), Probe  
  100  8:42  Probe  
  100  8:46  Pylon  
  104  8:50  Probe  
  104  8:53  Observer  
  91  8:56  Probe (Chrono Boost)  
  91  8:57  Zealot x3  
  91  9:01  Probe (Chrono Boost)  
  99  9:04  Protoss Ground Weapons Level 2 (Chrono Boost)  
  99  9:07  Probe (Chrono Boost)  
  99  9:08  Probe (Chrono Boost)  
  97  9:13  Shield Battery  
  97  9:15  Probe x2 (Chrono Boost)  
  100  9:17  Probe (Chrono Boost)  
  100  9:19  Phoenix  
  100  9:22  Probe  
  103  9:30  Probe, Disruptor (Chrono Boost)  
  110  9:32  Pylon  
  110  9:33  Probe  
  110  9:34  Probe  
  109  9:41  Nexus  
  109  9:42  Probe  
  110  9:45  Probe  
  111  9:57  Zealot x3  
  117  10:01  Gateway  
  117  10:03  Gateway  
  117  10:05  Disruptor (Chrono Boost)  
  111  10:14  Photon Cannon  
  109  10:15  Shield Battery  
  109  10:17  Pylon  
  109  10:18  Probe x2  
  111  10:21  Probe  
  111  10:25  Zealot x2  
  116  10:30  Probe  
  116  10:31  Probe  
  118  10:36  Robotics Facility  
  118  10:40  Pylon, Phoenix  
  118  10:41  Zealot  
  121  10:56  Zealot x3  
  123  10:59  Probe  
  123  11:02  Colossus (Chrono Boost)  
  100  11:07  Probe  
  100  11:09  Protoss Ground Weapons Level 3 (Chrono Boost)  
  103  11:14  Phoenix  
  103  11:16  Probe  
  103  11:17  Probe x2  
  103  11:18  Shield Battery  
  108  11:19  Photon Cannon, Probe  
  108  11:24  Zealot x3  
  115  11:28  Probe  
  115  11:44  Zealot x4  
  115  11:45  Zealot  
  125  11:49  Pylon, Observer (Chrono Boost)  
  124  11:55  Gateway, Phoenix  
  124  11:57  Blink  
  124  12:00  Gateway  
  126  12:06  Stalker x5  
  136  12:12  Pylon  
  136  12:19  Disruptor  
  136  12:20  Pylon, Disruptor  
  142  12:25  Observer  
  142  12:33  Zealot x5  
  142  12:36  Pylon  
  142  12:37  Pylon  
  150  12:40  Pylon  
  150  12:43  Forge  
  148  12:56  Disruptor x2 (Chrono Boost)  
  154  13:03  Zealot x4  
  154  13:04  Zealot x3  
  147  13:24  Stalker x6  
  147  13:25  Stalker  
  138  13:39  Probe  
  118  13:44  Probe  
  102  13:50  Zealot x3  
  102  13:51  Zealot x4  
Show
View Real Time Build Order
Export as new Build Order

GuMiho Terran - Winner!

Build Orders: Reaper Expand 

Get SALT Encoding   

  12  0:00  SCV  
  13  0:12  SCV  
  14  0:16  Supply Depot  
  14  0:27  SCV  
  15  0:39  SCV  
  15  0:40  Barracks  
  16  0:43  Refinery  
  16  0:51  SCV  
  17  1:03  SCV  
  18  1:15  SCV  
  19  1:27  Orbital Command, Reaper  
  20  1:41  Command Center  
  20  1:46  Supply Depot  
  20  1:53  SCV  
  21  1:59  Marine  
  22  2:05  SCV  
  22  2:07  Factory  
  23  2:14  Refinery  
  23  2:16  Marine  
  23  2:17  SCV  
  25  2:27  Barracks  
  25  2:35  Barracks Reactor  
  25  2:36  SCV  
  26  2:48  SCV  
  27  2:56  Orbital Command, Starport  
  27  2:58  Widow Mine  
  29  3:00  SCV  
  30  3:11  Marine x2  
  31  3:13  SCV  
  31  3:16  Barracks Tech Lab  
  31  3:19  Orbital Command  
  32  3:20  Widow Mine  
  32  3:21  Supply Depot  
  32  3:25  SCV  
  35  3:29  Marine x2  
  35  3:32  Medivac  
  39  3:39  SCV  
  40  3:43  Marine  
  40  3:46  Marine  
  40  3:47  Marine, Stimpack  
  42  3:48  Factory Tech Lab  
  42  3:51  SCV  
  43  4:00  Marine  
  43  4:01  Supply Depot  
  44  4:04  Marine x2  
  44  4:05  SCV x2, Starport Reactor  
  48  4:13  Supply Depot  
  48  4:18  Marine  
  48  4:21  SCV  
  48  4:22  Marine x2  
  48  4:24  SCV  
  53  4:26  Supply Depot  
  53  4:33  SCV  
  53  4:36  Marine, SCV  
  53  4:38  Engineering Bay  
  56  4:40  Marine x2  
  56  4:43  Medivac  
  56  4:44  Medivac  
  62  4:48  SCV  
  62  4:49  SCV  
  62  4:51  Factory Reactor  
  64  4:52  Refinery  
  64  4:55  Marine  
  64  4:58  Marine x2  
  67  5:01  SCV x2  
  65  5:09  Terran Infantry Weapons Level 1  
  65  5:13  Marine, SCV x2  
  68  5:14  Supply Depot  
  68  5:15  Marine  
  69  5:25  Marine, SCV x2  
  70  5:28  Medivac x2  
  70  5:30  Marine  
  70  5:32  Widow Mine  
  70  5:33  Marine  
  78  5:36  Widow Mine  
  78  5:37  SCV, Supply Depot  
  78  5:38  SCV  
  81  5:48  Combat Shield  
  80  6:03  Widow Mine x2  
  84  6:05  Command Center  
  78  6:12  SCV x2  
  78  6:16  Marine, Marauder  
  81  6:21  Barracks  
  81  6:23  Barracks x2  
  81  6:24  SCV  
  81  6:25  SCV  
  75  6:28  Widow Mine x2  
  75  6:29  Supply Depot  
  79  6:36  SCV  
  79  6:37  Marauder, SCV  
  83  6:40  Medivac  
  83  6:45  Refinery  
  85  6:47  Marine  
  85  6:48  Marine, SCV  
  85  6:52  SCV  
  89  6:56  Widow Mine x2  
  89  6:59  Marauder  
  89  7:00  SCV, Supply Depot  
  96  7:04  SCV  
  96  7:06  Terran Infantry Armor Level 1, Concussive Shells  
  94  7:09  Marauder  
  94  7:12  SCV  
  94  7:16  Barracks Tech Lab, SCV, Barracks Reactor  
  94  7:18  Widow Mine x2  
  94  7:20  Marauder  
  94  7:21  Marine x2  
  101  7:29  SCV x2  
  100  7:30  Marauder  
  99  7:42  SCV x2, Marauder  
  103  7:47  Marine  
  103  7:48  Marauder  
  103  7:49  Widow Mine x2  
  110  8:00  Marauder  
  110  8:01  Ghost Academy, Medivac x2, SCV x2  
  110  8:02  Supply Depot  
  110  8:03  Marauder  
  112  8:09  Marine x2, Marauder  
  116  8:13  SCV  
  116  8:14  Orbital Command  
  116  8:16  SCV  
  118  8:25  SCV  
  113  8:28  Marine x3, Marauder x2, SCV  
  118  8:37  SCV  
  118  8:38  Medivac  
  118  8:39  Medivac  
  118  8:40  SCV  
  121  8:42  SCV  
  121  8:47  Supply Depot  
  116  8:48  Supply Depot  
  116  8:49  SCV  
  116  8:52  SCV  
  111  8:56  Marine  
  111  8:58  Widow Mine x2  
  111  9:01  Ghost x2  
  108  9:03  Marine x4  
  108  9:04  SCV x2  
  108  9:09  SCV  
  112  9:15  Refinery x2  
  112  9:16  SCV, Armory  
  111  9:19  Marine, Engineering Bay  
  111  9:21  SCV, Marauder  
  111  9:22  SCV  
  116  9:26  Marine x3, Missile Turret  
  116  9:28  SCV  
  116  9:30  Marauder x2  
  116  9:31  Widow Mine x2  
  126  9:36  Marine  
  127  9:39  Command Center  
  127  9:43  Marauder  
  127  9:44  Marine x3  
  132  9:52  Widow Mine x2  
  136  9:57  Marine, Marauder x2  
  131  10:01  Marine  
  132  10:09  Marauder  
  132  10:11  Medivac  
  132  10:12  Medivac  
  132  10:13  Marine x2  
  132  10:14  Widow Mine  
  137  10:15  Marine  
  137  10:18  Ghost x2  
  142  10:22  Barracks  
  142  10:26  Terran Infantry Weapons Level 2  
  142  10:35  Terran Infantry Armor Level 2  
  122  11:06  Medivac x2, Widow Mine  
  126  11:14  Marine x4, Marauder x2  
  126  11:16  Orbital Command  
  134  11:19  Barracks Tech Lab  
  134  11:20  Barracks  
  134  11:21  Marauder  
  134  11:23  Barracks  
  136  11:28  Command Center  
  136  11:31  Marine  
  136  11:32  Marine x3  
  139  11:35  Marauder  
  139  11:36  Marauder  
  144  11:41  Marauder  
  144  11:42  Marine  
  144  11:45  Widow Mine x2  
  144  11:46  Medivac x2  
  153  11:49  Marine x3  
  153  11:50  Marine  
  155  11:57  Marauder x2  
  155  12:00  Marine  
  160  12:02  Marauder  
  160  12:03  Refinery  
  160  12:04  Refinery  
  160  12:05  Supply Depot  
  160  12:06  Supply Depot  
  160  12:07  Marine x3, Supply Depot  
  160  12:08  Marine, Missile Turret  
  164  12:16  Marine x2, Medivac x2  
  164  12:18  Marine, Marauder x2  
  175  12:23  Marauder  
  175  12:25  Marine x3  
  175  12:27  Marine  
  181  12:36  Marauder, Widow Mine x2  
  189  12:39  Marauder  
  189  12:40  Planetary Fortress, Marauder  
  189  12:43  Marine x2, Barracks Tech Lab, Barracks Reactor  
  193  12:45  Marauder  
  193  12:52  Marine x2  
  193  12:57  Marauder  
  192  13:00  Marine  
  192  13:01  Marauder x2  
  186  13:15  Marine x3, Marauder x2  
  186  13:18  Marine  
  186  13:19  Marauder  
  192  13:22  Marine x2  
  192  13:23  Marine, Marauder  
  192  13:24  Widow Mine  
  197  13:32  Marine  
  177  13:36  Marauder  
  177  13:40  Marauder x2  

Tags
 
Add a new tag
Caveats
  • Supply blocks, unpowered buildings, or Contaminate may cause inaccurate times.
  • Supply counts are checked every 10 seconds.